 Crawl Stoat Soup version 0.23-s2-232-g2f2dfc82cb (webtiles) character file.

63 FMitz the Grave Robber (level 4, -1/27 HPs)
             Began as a Kobold Wanderer on June 13, 2023.
             Slain by a gnoll
             ... wielding a cursed +5 spear of freezing
              (2 damage)
             ... on level 2 of the Dungeon.
             The game lasted 00:04:42 (2001 turns).

FMitz the Grave Robber (Kobold Wanderer)            Turns: 2001, Time: 00:04:42

Health: -1/27      AC:  2    Str: 12    XL:     4   Next: 31%
Magic:  7/7        EV: 13    Int: 13    God:
Gold:   66         SH:  0    Dex: 12    Spells: 7/7 levels left

rFire    . . .     SeeInvis .   b - +0 spear
rCold    . . .     Gourm    .   (shield restricted)
rNeg     . . .     Faith    .   d - +0 robe
rPois    .         Spirit   .   (no helmet)
rElec    .         Warding  .   (no cloak)
rCorr    .         Reflect  .   (no gloves)
MR       .....     Harm     .   (no boots)
Stlth    ++++......             (no amulet)
HPRegen  0.09/turn              (no ring)
MPRegen  0.10/turn              (no ring)

@: confused
A: small, carnivore 3, nightstalker 3
a: no special abilities


You were on level 2 of the Dungeon.
You were completely stuffed.

You visited 1 branch of the dungeon, and saw 2 of its levels.

You collected 66 gold pieces.

Inventory:

Hand Weapons
 b - a +0 spear (weapon)
Missiles
 c - 24 arrows
 k - 22 bolts
Armour
 d - a +0 robe (worn)
Wands
 a - a wand of paralysis (5 charges)
Scrolls
 e - 2 scrolls of blinking {unknown}
 g - a scroll of fear {unknown}
 h - 2 scrolls of fog {unknown}
 i - a scroll of immolation {unknown}
 j - a scroll of remove curse {unknown}
 l - 2 scrolls of identify {unknown}
 m - a scroll of enchant armour {unknown}
Comestibles
 f - a meat ration
 o - 3 chunks of flesh


   Skills:
 + Level 2.3 Fighting
 * Level 2.1 Polearms
 - Level 1.5 Armour
 + Level 1.6 Stealth
 - Level 2.1 Spellcasting
   Level 3.0 Necromancy
 - Level 2.4 Evocations


You had 7 spell levels left.
You didn't know any spells.
Your spell library contained the following spells:

 Spells                   Type           Power        Failure   Level  Hunger
 Corpse Rot               Necr           N/A          11%         2    ###....
 Sublimation of Blood     Necr           9/200        11%         2    ###....


Dungeon Overview and Level Annotations

Branches:
Dungeon (2/15)

Altars:


Innate Abilities, Weirdness & Mutations

You are small and have problems with some larger weapons.
You are carnivorous and can eat meat at any time.
You are completely attuned to the shadows.


Message History

You're too confused to move!
The gnoll hits you with a club.
* * * LOW HITPOINT WARNING * * *
You barely miss the gnoll. The gnoll closely misses you.
You closely miss the gnoll. The gnoll barely misses you.
You hit the gnoll.
The gnoll is moderately wounded.
The gnoll hits you from afar with a spear of freezing.
The gnoll freezes you.
The gnoll hits you from afar with a spear!
* * * LOW HITPOINT WARNING * * *
The gnoll closely misses you.
You're too confused!
Sorry, you're not good enough to have a special ability.
Evoke which item? (* to show all) (? for menu, Esc to quit)
You're too confused!
The gnoll closely misses you.
The gnoll hits you from afar with a spear of freezing!
* * * LOW HITPOINT WARNING * * *
The gnoll freezes you.
You die...

## #.# #.##....... .# #.#
#.......... .# #.#
####..†.... .# #.#
#########...## .# #.#
#...........# .# #.#
#.########### .# #g# #.#
.# ########g# #.# .#
#....gg.@# #.# .#
##....g######.#
.#######........g....####
..............####.......
########......####...####
#.....###....... ##+++##
#....#### #....# #......


You could see 5 gnolls.

Vanquished Creatures
  An adder (D:2)
  A gnoll (D:2)
  2 dart slugs (D:1)
  2 leopard geckos (D:1)
  2 ball pythons (D:1)
  A giant cockroach (D:2)
  7 goblins
  4 hobgoblins (D:1)
  A kobold (D:1)
  7 bats (D:1)
  2 frilled lizards (D:1)
  6 rats
36 creatures vanquished.

Vanquished Creatures (others)
  8 toadstools (D:2)
8 creatures vanquished.

Grand Total: 44 creatures vanquished

Notes
Turn   | Place    | Note
-------+----------+-------------------------------------------
     0 | D:1      | FMitz the Kobold Wanderer began the quest for the Orb.
     0 | D:1      | FMitz set off with the following items: a wand of paralysis
                  | (15 charges), a +0 spear, a +0 robe, a meat ration; and the
                  | following spells available to memorise: Corpse Rot,
                  | Sublimation of Blood
     0 | D:1      | Reached XP level 1. HP: 12/12 MP: 3/3
   117 | D:1      | Reached XP level 2. HP: 16/16 MP: 5/5
   124 | D:1      | Reached skill level 1 in Polearms
   677 | D:1      | Reached XP level 3. HP: 21/21 MP: 6/6
  1007 | D:1      | Reached skill level 1 in Stealth
  1595 | D:2      | Reached XP level 4. HP: 26/26 MP: 7/7
  2001 | D:2      | HP: 1/27 [gnoll/spear of freezing (11)]
  2001 | D:2      | Slain by a gnoll

Vault maps used:
D:1:      shiori_arrival_maze
D:2:      cheibrodos_fertilizer, lemuel_crystal_altar, first_bread

Skill      XL: |  1  2  3 |
---------------+----------+-----
Polearms       | 1 2 |  2.1
Fighting       | 2 |  2.3
Stealth        | 1 |  1.6
Armour         | |  1.5
Spellcasting   | |  2.1
Necromancy     | |  3.0
Evocations     | |  2.4

Action                   |  1- 3 |  4- 6 || total
-------------------------+-------+-------++-------
Melee: Spear             |   107 |    24 ||   131
Evoke: Wand              |     3 |     7 ||    10
  Use: Potion            |       |     1 ||     1
 Stab: Sleeping          |    21 |     4 ||    25
       Paralysed         |     4 |     8 ||    12
  Eat: Chunk             |    11 |     1 ||    12
Armor: Robe              |    10 |     1 ||    11
Dodge: Dodged            |    42 |    11 ||    53

Table legend:
 A = Spawn XP
 B = Non-spawn XP
 C = Spawn XP percentage of total XP
 D = Spawn monster count
 E = Non-spawn monster count
 F = Spawn count percentage of total count
 G = Total turns spent on level
                    A         B        C        D         E        F      G
               +---------+---------+-------+---------+---------+-------+---------
         Total |       4 |      87 |   4.4 |       3 |      33 |   8.3 |  2001
               +---------+---------+-------+---------+---------+-------+---------
           D:1 |       4 |      54 |   6.9 |       3 |      27 |  10.0 |  1616
           D:2 |       0 |      33 |   0.0 |       0 |       6 |   0.0 |   385
               +---------+---------+-------+---------+---------+-------+---------
